Map: 2000 Atmospheres LE

Players

Serral - Winner!

  • Race: Zerg Zerg
  • League: Master

Rattata (Vanya)

  • Race: Zerg Zerg
  • League: Master

Event: TSL 8

VOD

Have the link to the VOD?

Description

Time

  • Played on: Nov. 26, 2021, 7:17 a.m.
  • Length: 4:49

All games in this series

Show
View Real Time Build Order
Export as new Build Order

Serral Zerg - Winner!

Build Orders: Hatch First 

Get SALT Encoding   

  12  0:00  Drone  
  13  0:11  Overlord  
  13  0:16  Drone  
  14  0:30  Drone x2  
  16  0:47  Hatchery  
  15  0:50  Drone  
  15  0:53  Drone  
  17  0:57  Drone  
  18  1:07  Extractor  
  17  1:12  Spawning Pool  
  17  1:15  Drone  
  17  1:18  Drone  
  18  1:27  Drone  
  19  1:37  Drone  
  20  1:48  Drone  
  21  1:59  Queen x2  
  21  2:00  Zergling x2, Overlord  
  26  2:10  Drone x2  
  26  2:11  Metabolic Boost  
  28  2:21  Drone x2  
  30  2:33  Hatchery  
  30  2:34  Drone  
  30  2:36  Drone  
  31  2:47  Drone, Baneling Nest  
  31  2:48  Overlord  
  31  2:54  Drone  
  31  2:56  Zergling x2  
  33  3:05  Zergling x4  
  35  3:09  Zergling x10  
  40  3:13  Zergling x2  
  40  3:18  Overlord  
  41  3:20  Zergling x2  
  42  3:30  Baneling x2  
  42  3:33  Zergling x2  
  42  3:34  Drone  
  44  3:40  Drone  
  44  3:41  Drone x5  
  50  3:45  Queen  
  51  3:57  Drone x5  
  54  4:05  Baneling x2  
  54  4:06  Drone x2  
  54  4:08  Zergling x2  
  56  4:10  Zergling x4  
  56  4:11  Evolution Chamber  
  56  4:12  Drone x2  
  56  4:16  Zergling x4  
  56  4:18  Zergling x2  
  56  4:19  Overlord  
  56  4:22  Baneling x2  
  56  4:23  Overlord  
  57  4:27  Overlord  
Show
View Real Time Build Order
Export as new Build Order

Rattata Zerg 

Build Orders: Hatch First 

Get SALT Encoding   

  12  0:00  Drone  
  13  0:12  Overlord  
  13  0:17  Drone  
  14  0:30  Drone x2  
  16  0:47  Hatchery  
  15  0:51  Drone  
  15  0:54  Drone  
  17  0:58  Drone  
  18  1:08  Extractor  
  17  1:12  Spawning Pool  
  17  1:16  Drone  
  17  1:19  Drone  
  18  1:28  Drone  
  19  1:38  Drone  
  20  1:49  Drone  
  21  1:59  Queen x2  
  21  2:00  Drone, Overlord  
  26  2:10  Drone  
  26  2:12  Drone, Metabolic Boost  
  28  2:21  Zergling x2  
  29  2:23  Zergling x2  
  30  2:31  Hatchery  
  30  2:34  Drone  
  30  2:41  Queen  
  30  2:44  Drone  
  33  2:51  Baneling Nest  
  33  2:55  Overlord  
  33  2:57  Drone  
  33  2:58  Drone  
  34  3:06  Drone  
  34  3:07  Drone  
  36  3:13  Drone  
  36  3:15  Zergling x6  
  36  3:17  Overlord  
  40  3:23  Drone x2  
  40  3:24  Drone  
  43  3:32  Zergling x2  
  43  3:34  Evolution Chamber  
  43  3:36  Baneling x3  
  43  3:40  Drone x4  
  46  3:46  Drone x2  
  48  3:52  Zergling x8  
  51  4:00  Zergling x6  
  51  4:05  Drone  
  51  4:07  Drone  
  49  4:11  Drone  
  49  4:15  Drone x2  
  51  4:27  Drone x2  
Tags
 
Add a new tag
Caveats
  • Supply blocks, unpowered buildings, or Contaminate may cause inaccurate times.
  • Supply counts are checked every 10 seconds.